 Dungeon Crawl Stone Soup version 0.29-a0-121-g8efb068a30 (webtiles) character file.

Game seed: 2996676187171044817

15557 frimble the Frost Mage (level 12, -1/136 HPs)
             Began as a Gnoll Ice Elementalist on Feb 20, 2022.
             Was a Believer of Cheibriados.
             Slain by a polar bear (7 damage)
             ... on level 1 of the Lair of Beasts.
             The game lasted 00:16:36 (15583 turns).

frimble the Frost Mage (Gnoll Ice Elementalist)    Turns: 15583, Time: 00:16:37

Health: -1/136     AC: 17    Str: 14    XL:     12   Next: 28%
Magic:  24/24      EV: 20    Int: 21    God:    Cheibriados [**....]
Gold:   512        SH:  0    Dex: 17    Spells: 19/28 levels left

rFire   . . .      SeeInvis .   N - +4 spear (freeze)
rCold   . . .      Faith    .   A - orb {light}
rNeg    . . .      Spirit   .   Q - +0 acid dragon scales
rPois   .          Reflect  .   (no helmet)
rElec   .          Harm     .   (no cloak)
rCorr   +          Rampage  .   k - +0 pair of gloves
Will    .....                   i - +1 pair of boots
Stlth   ..........              R - amulet of magic regeneration
HPRegen 0.32/turn               g - +4 ring of evasion
MPRegen 0.59/turn               y - +4 ring of slaying

@: berserking (expiring), ice-armoured, glowing, very slow
A: fangs 1, strong nose, distributed training
a: Renounce Religion, Bend Time


You were on level 1 of the Lair of Beasts.
You worshipped Cheibriados.
Cheibriados was pleased with you.
You visited 3 branches of the dungeon, and saw 14 of its levels.

You collected 734 gold pieces.
You spent 222 gold pieces at shops.

Inventory:

Hand Weapons
 h - a +3 flail of freezing
 N - a +4 spear of freezing (weapon)
Missiles
 b - 11 curare-tipped darts
 e - a throwing net
 j - 55 poisoned darts
Armour
 i - a +1 pair of boots (worn)
 k - a +0 pair of gloves (worn)
 n - +0 gold dragon scales
 A - an orb of light (worn)
 F - the +3 chain mail "Ranettisk" {rN++}
   (You found it on level 6 of the Dungeon)

   rN:        It greatly protects you from negative energy.
 Q - +0 acid dragon scales (worn)
Jewellery
 g - a +4 ring of evasion (left hand)
 u - a ring of ice
 y - a +4 ring of slaying (right hand)
 C - a ring of flight
 G - a ring of willpower
 R - an amulet of magic regeneration (around neck)
Wands
 a - a wand of polymorph (6)
 f - a wand of flame (17)
 w - a wand of digging (6)
 H - a wand of paralysis (14)
 O - a wand of iceblast (7)
Scrolls
 d - a scroll of fog
 o - 3 scrolls of teleportation
 s - a scroll of torment
 t - 2 scrolls of blinking
 v - 2 scrolls of fear
 B - a scroll of enchant armour
 J - 2 scrolls of immolation
 K - a scroll of enchant weapon
 T - a scroll of silence
Potions
 c - 3 potions of heal wounds
 l - 2 potions of might
 m - 2 potions of resistance
 p - a potion of berserk rage
 q - 2 potions of cancellation
 r - 3 potions of mutation {unknown}
 x - a potion of magic {unknown}
 z - a potion of ambrosia
 D - a potion of haste {unknown}
 E - a potion of flight
 I - a potion of lignification
 L - a potion of attraction
 M - a potion of brilliance


   Skills:
 + Level 7.1 Fighting
 + Level 7.1 Short Blades
 + Level 7.1 Long Blades
 + Level 7.1 Axes
 + Level 7.1 Maces & Flails
 + Level 7.1 Polearms
 + Level 7.1 Staves
 + Level 7.1 Slings
 + Level 7.1 Bows
 + Level 7.1 Crossbows
 + Level 7.1 Throwing
 + Level 7.1 Armour
 + Level 8.5 Dodging
 + Level 8.3 Stealth
 + Level 7.1 Shields
 + Level 7.1 Unarmed Combat
 + Level 8.8 Spellcasting
 + Level 5.9 Conjurations
 + Level 5.9 Hexes
 + Level 5.9 Summonings
 + Level 5.9 Necromancy
 + Level 5.9 Translocations
 + Level 5.9 Transmutations
 + Level 5.9 Fire Magic
 + Level 9.3 Ice Magic
 + Level 5.9 Air Magic
 + Level 5.9 Earth Magic
 + Level 5.9 Poison Magic
 + Level 7.8 Invocations
 + Level 7.1 Evocations


You had 19 spell levels left.
You knew the following spells:

 Your Spells              Type           Power      Damage    Failure   Level
a - Freeze                Ice            100%       1d11      1%          1
b - Frozen Ramparts       Ice            96%        1d11      1%          3
c - Ozocubu's Armour      Ice            48%        N/A       1%          3
d - Blink                 Tloc           68%        N/A       1%          2

Your spell library contained the following spells:

 Spells                   Type           Power      Damage    Failure   Level
 Animate Skeleton         Necr           68%        N/A       1%          1
 Magic Dart               Conj           100%       1d8       1%          1
 Sandblast                Erth           68%        2d15      1%          1
 Corpse Rot               Necr/Air       68%        N/A       1%          2
 Passwall                 Tmut/Erth      28%        N/A       1%          2
 Poisonous Vapours        Pois/Air       68%        N/A       1%          2
 Searing Ray              Conj           68%        2d6       1%          2
 Call Canine Familiar     Summ           34%        N/A       2%          3
 Lesser Beckoning         Tloc           34%        N/A       2%          3
 Portal Projectile        Hex/Tloc       68%        N/A       2%          3
 Stone Arrow              Conj/Erth      68%        3d11      2%          3
 Hailstorm                Conj/Ice       41%        3d10      4%          4
 Animate Armour           Summ/Erth      68%        N/A       9%          4
 Animate Dead             Necr           17%        N/A       9%          4
 Cause Fear               Hex            17%        N/A       9%          4
 Dispel Undead            Necr           34%        3d15      9%          4
 Fulminant Prism          Conj/Hex       17%        3d11      9%          4
 Leda's Liquefaction      Hex/Erth       17%        N/A       9%          4
 Blade Hands              Tmut           17%        N/A       24%         5
 Borgnjor's Vile Clutch   Necr/Erth      17%        N/A       24%         5
 Manifold Assault         Tloc           34%        N/A       24%         5
 Death Channel            Necr           17%        N/A       80%         6
 Iron Shot                Conj/Erth      17%        9d4       80%         6
 Dragon Form              Tmut           17%        N/A       100%        7
 Dragon's Call            Summ           17%        N/A       100%        9


Dungeon Overview and Level Annotations

Branches:
Dungeon (12/15)            Temple (1/1) D:4            Lair (1/6) D:9
    Orc (0/2) D:10

Altars:
Ashenzari
Cheibriados
Dithmenos
Elyvilon
Fedhas
Gozag
Hepliaklqana
Kikubaaqudgha
Makhleb
Nemelex Xobeh
Okawaru
Qazlal
Ru
Trog
Uskayaw
Vehumet
Wu Jian
Xom
Yredelemnul
Zin
The Shining One
Beogh

Shops:
D:5 (   D:6 ?

Annotations:
D:12 3 runed translucent doors, Cecur's ghost, journeyman FoFi
Lair:1 exclusion: oklob plant, Fannar


Innate Abilities, Weirdness & Mutations

You have very sharp teeth.
Your uncanny sense of smell can sniff out nearby items.
Your experience applies equally to all skills.


Message History

The wall freezes the ice beast but does no damage.
The ice beast closely misses you.
The polar bear resists.
The wall freezes the polar bear.
The polar bear misses you.
The polar bear claws you but does no damage.
The polar bear closely misses you.
The wall freezes the yak.
The yak gores you!
* * * LOW HITPOINT WARNING * * *
You puncture Fannar! You freeze Fannar.
Fannar is severely wounded.
Fannar misses you.
The wall freezes the yak!
The yak completely misses you.
The polar bear completely resists.
The wall freezes the polar bear but does no damage.
The polar bear barely misses you. x2; The polar bear misses you.
The ice beast completely resists.
The wall freezes the ice beast but does no damage.
The ice beast barely misses you.
You hit Fannar.
Fannar is severely wounded.
The wall freezes the yak!
The yak misses you.
The polar bear completely resists.
The wall freezes the polar bear but does no damage.
The polar bear bites you!
* * * LOW HITPOINT WARNING * * *
The polar bear misses you. The polar bear barely misses you.
Fannar gestures wildly while chanting.
The wall freezes the yak!
The yak gores you but does no damage.
You puncture Fannar!
Fannar is almost dead.
The polar bear resists.
The wall freezes the polar bear.
The polar bear closely misses you. The polar bear claws you.
* * * LOW HITPOINT WARNING * * *
The polar bear claws you but does no damage.
The ice beast completely resists.
The wall freezes the ice beast but does no damage.
The ice beast closely misses you.
The wall freezes the yak.
The yak misses you.
Fannar points at you and mumbles some strange words.
The bolt of cold misses you.
The wall freezes the yak.
The yak misses you.
You hit Fannar.
Fannar is almost dead.
The frozen ramparts melt away.
The polar bear bites you!
You die...

........ P...... .......
....... ###.... .......
#P.... ##..... #.....
....... ##.... .......
#P.... #...h####
#####....
#..YY@#.######.##.....
#...eYY...............
#..Y..................
........................
........................
........................
#######..##########.##P#
#### ######


You could see Fannar, a polar bear (berserk), 3 yaks and 2 ice beasts.

Vanquished Creatures
  A boulder beetle (D:12)
  4 two-headed ogres
  A deep elf pyromancer (D:12)
  An ugly thing (D:11)
  A cyclops (D:12)
  3 manticores
  An unseen horror (D:12)
  A kobold demonologist (D:9)
  A hornet (D:9)
  2 trolls
  Grinder (D:6)
  A water elemental (D:12)
  18 yaks
  A wyvern (D:9)
  4 wraiths
  Eustachio (D:5)
  2 steam dragons (D:9)
  3 vampire mosquitoes (D:12)
  2 wargs (D:9)
  A water moccasin (D:6)
  4 acid dragons
  2 sky beasts
  A hornet zombie (D:9)
  A black bear (Lair:1)
  A necrophage (D:5)
  8 centaurs
  A bullfrog (D:9)
  14 kobold brigands (D:9)
  A gnoll sergeant (D:9)
  2 scorpions
  A wyvern zombie (D:8)
  4 wights (D:10)
  3 howler monkeys
  4 electric eels (D:12)
  2 centaur zombies
  3 hounds
  2 jellies
  4 orc priests
  A centaur skeleton (D:7)
  2 gnoll shamans
  An iguana (D:3)
  Jessica (D:2)
  4 orc wizards
  A howler monkey zombie (D:9)
  16 adders
  12 gnolls
  A shadow imp (D:6)
  3 ufetubi
  3 worms
  4 dart slugs
  9 orcs
  3 ball pythons
  4 bats
  4 endoplasms
  5 hobgoblins
  8 jackals
  5 quokkas
  A frilled lizard (D:2)
  2 goblins
  15 kobolds
  3 rats
216 creatures vanquished.

Vanquished Creatures (others)
  An orc wizard (D:9)
  A fungus (D:1)
  10 plants
12 creatures vanquished.

Grand Total: 228 creatures vanquished

Notes
Turn   | Place    | Note
-------+----------+-------------------------------------------
     0 | D:1      | frimble the Gnoll Ice Elementalist began the quest for the
                  | Orb.
     0 | D:1      | Reached XP level 1. HP: 13/13 MP: 6/6
   442 | D:1      | Reached XP level 2. HP: 11/19 MP: 4/7
   720 | D:1      | Found a faded altar of an unknown god.
   724 | D:1      | Got Plato's Handbook of Unholy Magic
  1170 | D:2      | Noticed Jessica
  1177 | D:2      | Killed Jessica
  1178 | D:2      | Reached skill level 5 in Spellcasting
  1178 | D:2      | Reached skill level 1 in Invocations
  1178 | D:2      | Reached XP level 3. HP: 10/25 MP: 4/9
  1236 | D:2      | Learned a level 3 spell: Frozen Ramparts
  1240 | D:2      | Learned a level 3 spell: Ozocubu's Armour
  1249 | D:2      | Reached skill level 1 in Fighting
  1249 | D:2      | Reached skill level 1 in Short Blades
  1249 | D:2      | Reached skill level 1 in Long Blades
  1249 | D:2      | Reached skill level 1 in Axes
  1249 | D:2      | Reached skill level 1 in Maces & Flails
  1249 | D:2      | Reached skill level 1 in Polearms
  1249 | D:2      | Reached skill level 1 in Staves
  1249 | D:2      | Reached skill level 1 in Slings
  1249 | D:2      | Reached skill level 1 in Bows
  1249 | D:2      | Reached skill level 1 in Crossbows
  1249 | D:2      | Reached skill level 1 in Throwing
  1249 | D:2      | Reached skill level 1 in Armour
  1249 | D:2      | Reached skill level 1 in Shields
  1249 | D:2      | Reached skill level 1 in Unarmed Combat
  1249 | D:2      | Reached skill level 1 in Evocations
  1425 | D:2      | Reached XP level 4. HP: 31/32 MP: 11/11
  1952 | D:2      | Reached skill level 1 in Conjurations
  1952 | D:2      | Reached skill level 1 in Hexes
  1952 | D:2      | Reached skill level 1 in Summonings
  1952 | D:2      | Reached skill level 1 in Necromancy
  1952 | D:2      | Reached skill level 1 in Translocations
  1952 | D:2      | Reached skill level 1 in Transmutations
  1952 | D:2      | Reached skill level 1 in Fire Magic
  1952 | D:2      | Reached skill level 1 in Air Magic
  1952 | D:2      | Reached skill level 1 in Earth Magic
  1952 | D:2      | Reached skill level 1 in Poison Magic
  2615 | D:3      | Reached XP level 5. HP: 26/37 MP: 8/12
  3687 | D:3      | Reached XP level 6. HP: 37/44 MP: 13/13
  4004 | D:4      | Found a staircase to the Ecumenical Temple.
  4085 | D:4      | Reached skill level 5 in Dodging
  4587 | D:5      | Entered Level 5 of the Dungeon
  4639 | D:5      | Found a shadowy altar of Dithmenos.
  4644 | D:5      | Noticed a sky beast
  4657 | D:5      | Killed a sky beast
  4658 | D:5      | Reached XP level 7. HP: 34/50 MP: 15/15
  4948 | D:5      | Found a shimmering altar of Xom.
  5235 | D:5      | Noticed Eustachio
  5250 | D:5      | Killed Eustachio
  5251 | D:5      | Reached skill level 5 in Stealth
  5336 | D:5      | Found Roiplen's Weapon Shop.
  5540 | D:6      | Noticed Grinder
  5571 | D:6      | Reached XP level 8. HP: 32/58 MP: 16/16
  5726 | D:6      | Identified the +3 chain mail "Ranettisk" {rN++}
  6058 | D:6      | Killed Grinder
  6063 | D:6      | Found a basalt altar of Yredelemnul.
  6080 | D:6      | Found a broken altar of Ashenzari.
  6116 | D:6      | Found Gorch's Magic Scroll Shoppe.
  6125 | D:6      | Bought a scroll of immolation for 42 gold pieces
  6125 | D:6      | Bought a scroll of enchant weapon for 90 gold pieces
  6125 | D:6      | Bought a scroll of blinking for 90 gold pieces
  6350 | D:7      | Noticed a manticore
  6360 | D:7      | Killed a manticore
  6361 | D:7      | Reached XP level 9. HP: 65/65 MP: 18/18
  6392 | D:7      | Found a hide-covered altar of Uskayaw.
  7112 | D:8      | Noticed a catoblepas
  7242 | D:9      | Reached skill level 8 in Ice Magic
  7619 | D:9      | Noticed a hornet
  7624 | D:9      | Killed a hornet
  7712 | D:9      | Reached skill level 5 in Invocations
  7973 | D:9      | HP: 1/66 [warg (11)]
  8405 | D:9      | Reached XP level 10. HP: 69/73 MP: 14/20
  8414 | D:9      | Reached skill level 5 in Fighting
  8414 | D:9      | Reached skill level 5 in Short Blades
  8414 | D:9      | Reached skill level 5 in Long Blades
  8414 | D:9      | Reached skill level 5 in Axes
  8414 | D:9      | Reached skill level 5 in Maces & Flails
  8414 | D:9      | Reached skill level 5 in Polearms
  8414 | D:9      | Reached skill level 5 in Staves
  8414 | D:9      | Reached skill level 5 in Slings
  8414 | D:9      | Reached skill level 5 in Bows
  8414 | D:9      | Reached skill level 5 in Crossbows
  8414 | D:9      | Reached skill level 5 in Throwing
  8414 | D:9      | Reached skill level 5 in Armour
  8414 | D:9      | Reached skill level 5 in Shields
  8414 | D:9      | Reached skill level 5 in Unarmed Combat
  8414 | D:9      | Reached skill level 5 in Evocations
  8468 | D:9      | Found a blossoming altar of Fedhas.
  8664 | D:9      | Noticed a kobold demonologist
  8684 | D:9      | Killed a kobold demonologist
  8690 | D:10     | Entered Level 10 of the Dungeon
  9011 | D:10     | Found a staircase to the Orcish Mines.
  9227 | D:10     | Noticed a two-headed ogre
  9231 | D:10     | Learned a level 2 spell: Blink
  9244 | D:10     | Killed a two-headed ogre
  9673 | D:10     | Noticed a manticore
  9688 | D:10     | Killed a manticore
 10740 | D:9      | Reached XP level 11. HP: 75/81 MP: 16/22
 11026 | D:9      | Found a staircase to the Lair.
 11720 | Temple   | Entered the Ecumenical Temple
 11812 | D:4      | Found a snail-covered altar of Cheibriados.
 11812 | D:4      | Found a glowing silver altar of Zin.
 11823 | D:4      | Became a worshipper of Cheibriados the Contemplative
 12196 | D:11     | Reached skill level 5 in Conjurations
 12196 | D:11     | Reached skill level 5 in Hexes
 12196 | D:11     | Reached skill level 5 in Summonings
 12196 | D:11     | Reached skill level 5 in Necromancy
 12196 | D:11     | Reached skill level 5 in Translocations
 12196 | D:11     | Reached skill level 5 in Transmutations
 12196 | D:11     | Reached skill level 5 in Fire Magic
 12196 | D:11     | Reached skill level 5 in Air Magic
 12196 | D:11     | Reached skill level 5 in Earth Magic
 12196 | D:11     | Reached skill level 5 in Poison Magic
 12695 | D:11     | Noticed a two-headed ogre
 12706 | D:11     | Killed a two-headed ogre
 12744 | D:11     | Noticed a two-headed ogre
 12752 | D:11     | Killed a two-headed ogre
 12834 | D:11     | Noticed a white ugly thing
 12848 | D:11     | Killed a white ugly thing
 12849 | D:11     | Reached skill level 9 in Ice Magic
 13171 | D:11     | Noticed a manticore
 13182 | D:11     | Killed a manticore
 13630 | D:12     | Noticed a cyclops
 13650 | D:12     | Killed a cyclops
 13911 | D:12     | Reached * piety under Cheibriados
 14105 | D:12     | Noticed a two-headed ogre
 14115 | D:12     | Killed a two-headed ogre
 14117 | D:12     | Reached XP level 12. HP: 88/89 MP: 22/24
 14279 | D:12     | Found a runed translucent gate.
 14284 | D:12     | Noticed Cecur's ghost (journeyman FoFi)
 14517 | D:12     | Found a runed translucent gate.
 14882 | D:12     | Found a runed translucent gate.
 14941 | D:12     | Noticed a boulder beetle
 14971 | D:12     | Killed a boulder beetle
 15509 | Lair:1   | Entered Level 1 of the Lair of Beasts
 15559 | Lair:1   | Noticed Fannar
 15576 | Lair:1   | Reached ** piety under Cheibriados
 15582 | Lair:1   | HP: 6/136 [polar bear (3)]
 15583 | Lair:1   | Slain by a polar bear

Illustrated notes

Levels and vault maps discovered:
D:1:      heliophobic_arrival_battle_scene, layout_rooms,
          shapermc_ecumenical_altar_rom_forum, kennysheep_decorative_pillar
D:2:      layout_basic, minmay_diced_spiral, uniq_jessica
D:3:      layout_loops_ring
D:4:      layout_rooms, nicolae_overflow_hidden_temple,
          minmay_temple_entry_slanted
D:5:      layout_loops_cross, mainiacjoe_overflow_catwalk,
          nicolae_dithmenos_shadow_blocks, serial_shops, kennysheep_mini_moat,
          nicolae_ossuary_entry_plus, uniq_eustachio
D:6:      layout_basic, mainiacjoe_overflow_catch_the_wave, serial_shops,
          nicolae_diamond_shop, uniq_grinder
D:7:      layout_basic, mainiacjoe_overflow_tiny_flanked,
          corexii_leaking_fountain
D:8:      layout_loops_ring, lemuel_coloured_pillars_altar,
          roderic_three_in_a_row, nicolae_elevator_lobby_asterisk
D:9:      layout_roguey [special_room_kobold], mainiacjoe_overflow_paths,
          erik_lair_orcish_takeover, serial_aquarium,
          aquarium_bridge_long_joined [aquarium_subvault_balcony,
          aquarium_subvault_wall, aquarium_subvault_wall,
          aquarium_subvault_bridge, aquarium_subvault_window,
          aquarium_subvault_balcony], aquarium_bridge_square
          [aquarium_subvault_bridge, aquarium_subvault_wall,
          aquarium_subvault_bridge, aquarium_subvault_wall],
          aquarium_window_fake, aquarium_window_corridor_2,
          aquarium_window_fake, aquarium_window_1, aquarium_view_2e,
          aquarium_view_2c, aquarium_balcony_1a, minmay_circle_x
D:10:     layout_basic, orc_0_dummy
D:11:     layout_stronghold, evilmike_butchery
D:12:     layout_irregular_city, biasface_ghost_orc_armoury, chequers_big_river
Temple:   cyrus_circular_temple
Lair:1:   layout_chaotic_city, dpeg_stationary_puzzle, uniq_maggie, uniq_fannar,
          uniq_gastronok

Skill      XL: |  1  2  3  4  5  6  7  8  9 10 11 12 |
---------------+-------------------------------------+-----
Spellcasting   | 5 6 7 8 |  8.8
Invocations    | 1 2 3 4 5 6 7 |  7.8
Fighting       | 1 2 3 4 5 6 7 |  7.1
Short Blades   | 1 2 3 4 5 6 7 |  7.1
Long Blades    | 1 2 3 4 5 6 7 |  7.1
Axes           | 1 2 3 4 5 6 7 |  7.1
Maces & Flails | 1 2 3 4 5 6 7 |  7.1
Polearms       | 1 2 3 4 5 6 7 |  7.1
Staves         | 1 2 3 4 5 6 7 |  7.1
Slings         | 1 2 3 4 5 6 7 |  7.1
Bows           | 1 2 3 4 5 6 7 |  7.1
Crossbows      | 1 2 3 4 5 6 7 |  7.1
Throwing       | 1 2 3 4 5 6 7 |  7.1
Armour         | 1 2 3 4 5 6 7 |  7.1
Shields        | 1 2 3 4 5 6 7 |  7.1
Unarmed Combat | 1 2 3 4 5 6 7 |  7.1
Evocations     | 1 2 3 4 5 6 7 |  7.1
Conjurations   | 1 2 3 4 5 |  5.9
Hexes          | 1 2 3 4 5 |  5.9
Summonings     | 1 2 3 4 5 |  5.9
Necromancy     | 1 2 3 4 5 |  5.9
Translocations | 1 2 3 4 5 |  5.9
Transmutations | 1 2 3 4 5 |  5.9
Fire Magic     | 1 2 3 4 5 |  5.9
Air Magic      | 1 2 3 4 5 |  5.9
Earth Magic    | 1 2 3 4 5 |  5.9
Poison Magic   | 1 2 3 4 5 |  5.9
Dodging        | 5 6 7 8 |  8.5
Stealth        | 5 6 7 8 |  8.3
Ice Magic      | 8 9 |  9.3

Action                   |  1- 3 |  4- 6 |  7- 9 | 10-12 || total
-------------------------+-------+-------+-------+-------++-------
Melee: Unarmed           |    36 |       |       |       ||    36
       Bite              |     5 |    20 |    32 |    45 ||   102
       Short sword       |    22 |   114 |       |       ||   136
       Punch             |       |     4 |       |       ||     4
       Spear             |       |    63 |   228 |   373 ||   664
 Cast: Freeze            |    16 |    21 |       |       ||    37
       Frozen Ramparts   |       |     4 |     8 |    22 ||    34
       Ozocubu's Armour  |       |     1 |     7 |    23 ||    31
Evoke: Wand              |       |       |     1 |    13 ||    14
  Use: Scroll            |     3 |     7 |     4 |     8 ||    22
       Potion            |       |       |     2 |     5 ||     7
 Stab: Sleeping          |     4 |     7 |     5 |     2 ||    18
       Paralysed         |       |       |     6 |    10 ||    16
Armor: Robe              |     8 |    52 |    34 |    29 ||   123
       Chain mail        |       |       |    25 |       ||    25
       Acid dragon scale |       |       |       |    64 ||    64
       Steam dragon scal |       |       |       |    24 ||    24
Dodge: Dodged            |    46 |   136 |   103 |   315 ||   600

Table legend: (Time is in decaauts)
 A = Elapsed time spent in this place.
 B = Non-inter-level travel time spent in this place.
 C = Inter-level travel time spent in this place.
 D = Time resting spent in this place.
 E = Time spent auto-exploring this place.
 F = Levels seen in this place.
 G = Mean time per level.
                   A        B        C        D        E       F      G
               +--------+--------+--------+--------+--------+-----+--------+
         Total |  16129 |  15439 |    690 |   1069 |  12385 |  14 | 1152.1 |
       Dungeon |  15990 |  15311 |    679 |   1069 |  12292 |  12 | 1332.5 |
        Temple |     50 |     41 |      9 |      0 |     35 |   1 |   50.0 |
          Lair |     88 |     88 |      0 |      0 |     58 |   1 |   88.0 |
               +--------+--------+--------+--------+--------+-----+--------+

Top non-repeatable levels by time:
     D:9: 2474 daAuts
    D:12: 2185 daAuts
    D:10: 2061 daAuts
    D:11: 1632 daAuts
     D:2: 1486 daAuts
     D:3: 1359 daAuts
     D:1: 1072 daAuts
     D:5: 931 daAuts
     D:7: 842 daAuts
     D:4: 735 daAuts
     D:6: 729 daAuts
     D:8: 480 daAuts
  Lair:1: 88 daAuts
  Temple: 50 daAuts
